 Dungeon Crawl Stone Soup version 0.30-a0-4-ga7cffc901d (webtiles) character file.

Game seed: 13935414123758034461

489 BritishOli the Trooper (level 6, 0/52 HPs)
             Began as a Demonspawn Fighter on Aug 21, 2022.
             Succumbed to an orc's poison
             ... on level 5 of the Dungeon.
             The game lasted 00:05:38 (5728 turns).

BritishOli the Trooper (Demonspawn Fighter)         Turns: 5728, Time: 00:05:38

Health: 0/52       AC: 11    Str: 18    XL:     6   Next: 90%
Magic:  0/6        EV:  5    Int:  9    God:
Gold:   278        SH:  5    Dex: 13    Spells: 5/5 levels left

rFire   . . .      SeeInvis .    q - +1 short sword (vamp)
rCold   . . .      Faith    .    c - +0 buckler
rNeg    . . .      Spirit   +    A - +0 plate armour
rPois   .          Reflect  .    (no helmet)
rElec   .          Harm     .    (no cloak)
rCorr   .          Rampage  .    (no gloves)
Will    .....                    (no boots)
Stlth   ..........               o - amulet of guardian spirit
HPRegen 0.17/turn                (no ring)
MPRegen 0.10/turn                (no ring)

@: lethally poisoned (0 -> -5), hasted, very quick
A: demonic guardian 1, ignite blood 1, demonic touch 1
a: no special abilities


You were on level 5 of the Dungeon.
You visited 1 branch of the dungeon, and saw 5 of its levels.
You also visited: Sewer.

You collected 278 gold pieces.

Inventory:

Hand Weapons
 q - a +1 vampiric short sword (weapon)
Armour
 b - a +0 scale mail
 c - a +0 buckler (worn)
 A - a +0 plate armour (worn)
Jewellery
 o - an amulet of guardian spirit (around neck)
 y - a ring of fire
Wands
 a - a wand of mindburst (18)
 m - a wand of flame (25)
Scrolls
 e - 2 scrolls of teleportation {unknown}
 h - 8 scrolls of identify {unknown}
 j - 2 scrolls of butterflies {unknown}
 k - a scroll of immolation {unknown}
 s - 2 scrolls of poison {unknown}
 u - a scroll of amnesia {unknown}
 w - 2 scrolls of blinking {unknown}
 x - 2 scrolls of magic mapping {unknown}
 z - a scroll of summoning {unknown}
Potions
 d - 2 potions of might
 f - 3 potions of haste
 g - a potion of magic {unknown}
 i - 3 potions of invisibility {unknown}
 l - a potion of mutation {unknown}
 n - a potion of lignification {unknown}
 p - 3 potions of brilliance {unknown}
 r - a potion of resistance {unknown}
 t - a potion of cancellation {unknown}
 v - a potion of curing {unknown}


   Skills:
 * Level 5.8 Fighting
 - Level 2.1 Long Blades
 + Level 4.2 Armour
 + Level 4.2 Shields


You had 5 spell levels left.
You didn't know any spells.
Your spell library contained the following spells:

 Spells                   Type           Power      Damage    Failure   Level
 Shock                    Conj/Air       0%         1d3       100%        1
 Ozocubu's Armour         Ice            0%         N/A       100%        3
 Swiftness                Air            0%         N/A       100%        3
 Airstrike                Air            0%         2d(0-16)  100%        4
 Ozocubu's Refrigeration  Ice            0%         4d7       100%        7


Dungeon Overview and Level Annotations

Branches:
Dungeon (5/15)              Sewer (visited)
 Temple: D:4-7

Altars:
Ashenzari
Wu Jian
Xom

Shops:
D:5 *([


Innate Abilities, Weirdness & Mutations

A weak demonic guardian rushes to your aid.
Your demonic aura sometimes causes spilled blood to erupt in flames.
Your touch may inflict minor irresistible damage on your foes.


Message History

The orc hits you but does no damage.
You are poisoned.
You block the orc's attack. The iguana bites you!
Something hits you but does no damage.
You hit the iguana but do no damage.
The iguana is heavily wounded.
You feel sick.
The orc hits you with a +2 short sword of venom.
You are more poisoned.
You block the orc's attack. The iguana bites you.
Something hits you but does no damage.
You hit the iguana.
The iguana is severely wounded.
You feel very sick. The orc completely misses you.
The orc hits you but does no damage. The iguana bites you.
Something hits you but does no damage.
You hit the iguana but do no damage.
The iguana is severely wounded.
You feel very sick. The orc hits you but does no damage.
The orc hits you with a +0 hand axe.
* * * LOW HITPOINT WARNING * * *
The iguana bites you.
* * * LOW HITPOINT WARNING * * *
A demonic guardian appears!
You hear some strange, mumbled words.
A magic dart appears from out of thin air!
The magic dart hits you but does no damage.
You hit the iguana but do no damage.
The iguana is severely wounded.
* * * LOW HITPOINT WARNING * * *
You feel sick.
The orc hits you with a +2 short sword of venom.
* * * LOW HITPOINT WARNING * * *
The orc hits you with a +0 hand axe.
* * * LOW HITPOINT WARNING * * *
The orc hits your iron imp but does no damage.
The iguana bites you but does no damage.
You block the orc's attack. The iguana barely misses you.
It was a potion of haste.
You feel yourself speed up.
You die...

###.....##'######
..........[.......#
#.#...............#
.=#...............#
#.#.#####.........#
#.#...............#
#.#.######........#
######l##########'######
......o@$5........#
#######o########### #o#
#.. ..#. #...# ... . ...
†. ..∩. ..


You could see an iguana, 3 orcs and a friendly iron imp (summoned).

Vanquished Creatures
  A howler monkey (D:4)
  2 hounds (D:5)
  Ijyb (D:3)
  Jessica (D:2)
  An iguana (D:4)
  2 adders
  A river rat (D:5)
  2 shadow imps (D:5)
  A worm (D:3)
  5 dart slugs
  3 orcs (D:3)
  10 ball pythons
  5 bats
  4 endoplasms
  17 giant cockroaches
  7 goblins
  4 hobgoblins
  2 jackals (D:1)
  3 kobolds
  6 quokkas
  13 frilled lizards
  8 rats
99 creatures vanquished.

Vanquished Creatures (collateral kills)
  2 bullfrogs (Sewer)
  A jelly (D:4)
  A ball python (D:2)
  A bat (D:3)
  A quokka (Sewer)
  A rat (D:5)
7 creatures vanquished.

Grand Total: 106 creatures vanquished

Notes
Turn   | Place    | Note
-------+----------+-------------------------------------------
     0 | D:1      | BritishOli the Demonspawn Fighter began the quest for the
                  | Orb.
     0 | D:1      | Reached XP level 1. HP: 18/18 MP: 1/1
   205 | D:1      | Gained mutation: Your touch may inflict minor irresistible
                  | damage on your foes. [demonic ancestry]
   205 | D:1      | Reached XP level 2. HP: 24/24 MP: 2/2
   967 | D:2      | Gained mutation: A weak demonic guardian rushes to your
                  | aid. [demonic ancestry]
   967 | D:2      | Reached XP level 3. HP: 28/29 MP: 3/3
  1567 | D:2      | Noticed Jessica
  1578 | D:2      | Killed Jessica
  1579 | D:2      | Gained mutation: Your demonic aura sometimes causes spilled
                  | blood to erupt in flames. [demonic ancestry]
  1579 | D:2      | Reached XP level 4. HP: 20/37 MP: 4/4
  1958 | D:3      | Reached skill level 4 in Fighting
  2200 | D:3      | Found a faded altar of an unknown god.
  2364 | D:3      | Found an ornate altar of the Wu Jian Council.
  2371 | D:3      | Found a broken altar of Ashenzari.
  2539 | D:3      | Noticed Ijyb
  2569 | D:3      | Killed Ijyb
  2955 | D:3      | Found a shimmering altar of Xom.
  3379 | D:4      | Reached XP level 5. HP: 35/43 MP: 5/5
  3887 | D:5      | Entered Level 5 of the Dungeon
  3916 | D:5      | Reached skill level 5 in Fighting
  3916 | D:5      | Reached XP level 6. HP: 41/51 MP: 4/6
  4018 | D:5      | Found a glowing drain.
  4089 | Sewer    | Entered a sewer
  5417 | D:5      | Found Reffashu's Antique Armour Shoppe.
  5690 | D:5      | Found Yffim's General Store.
  5709 | D:5      | Found Peotre Mopi's Weapon Shop.
  5727 | D:5      | HP: 1/52 [orc/+0 hand axe (3)]
  5728 | D:5      | Succumbed to an orc's poison

Illustrated notes

Levels and vault maps discovered:
D:1:      dpeg_arrival_three_same_balls, layout_loops_ring
D:2:      layout_rooms, feat_on_display, uniq_jessica
D:3:      layout_loops_corners, nicolae_overflow_hidden_temple,
          shapermc_ecumenical_altar_totnotflames, uniq_ijyb
D:4:      layout_cave_pools
D:5:      layout_basic, serial_shops, nicolae_take_the_stairs,
          nicolae_shop_bloodbath_and_beyond, shop, portal_sewer_entry_a

Skill      XL: |  1  2  3  4  5  6 |
---------------+-------------------+-----
Long Blades    | 2 |  2.1
Armour         | 3 4 |  4.2
Shields        | 3 4 |  4.2
Fighting       | 4 5 |  5.8

Action                   |  1- 3 |  4- 6 || total
-------------------------+-------+-------++-------
Melee: Long sword        |   110 |    34 ||   144
       Short sword       |       |   285 ||   285
  Use: Potion            |       |     1 ||     1
Armor: Scale mail        |    66 |   165 ||   231
       Plate armour      |       |    25 ||    25
Dodge: Dodged            |    51 |   162 ||   213
Block: Buckler           |    28 |   100 ||   128

Table legend: (Time is in decaauts)
 A = Elapsed time spent in this place.
 B = Non-inter-level travel time spent in this place.
 C = Inter-level travel time spent in this place.
 D = Time resting spent in this place.
 E = Time spent auto-exploring this place.
 F = Levels seen in this place.
 G = Mean time per level.
                   A        B        C        D        E       F      G
               +--------+--------+--------+--------+--------+-----+--------+
         Total |   5886 |   5742 |    144 |    309 |   4431 |   6 |  981.0 |
       Dungeon |   4923 |   4779 |    144 |     36 |   4002 |   5 |  984.6 |
         Sewer |    962 |    962 |      0 |    273 |    429 |   1 |  962.0 |
               +--------+--------+--------+--------+--------+-----+--------+

Top non-repeatable levels by time:
     D:3: 1438 daAuts
     D:5: 981 daAuts
     D:1: 976 daAuts
   Sewer: 962 daAuts
     D:2: 842 daAuts
     D:4: 684 daAuts
